Map: Nightshade LE

Players

Han - Winner!

  • Race: Protoss Protoss
  • League: Gold
  • Spawn Location: 11:00

antagomiR

  • Race: Protoss Protoss
  • League: Gold
  • Spawn Location: 5:00

VOD

Have the link to the VOD?

Description

Time

  • Played on: April 16, 2020, 5:14 p.m.
  • Length: 6:15
Show
View Real Time Build Order
Export as new Build Order

Han Protoss - Winner!

Build Orders:  

Get SALT Encoding   

  12  0:01  Probe (Chrono Boost)  
  13  0:11  Probe (Chrono Boost)  
  14  0:18  Probe  
  15  0:27  Pylon  
  15  0:38  Assimilator  
  15  0:45  Gateway  
  15  0:47  Probe  
  16  0:52  Pylon  
  16  1:08  Probe  
  17  1:19  Pylon  
  17  1:20  Probe  
  18  1:32  Probe  
  19  1:46  Probe  
  20  1:53  Cybernetics Core  
  20  1:55  Gateway  
  20  2:02  Probe  
  20  2:05  Assimilator  
  21  2:08  Pylon  
  21  2:14  Probe  
  22  2:19  Gateway  
  22  2:28  Probe  
  23  2:32  Warp Gate (Chrono Boost)  
  23  2:35  Zealot  
  25  2:43  Probe  
  26  2:53  Zealot  
  28  3:13  Probe  
  29  3:21  Stalker x2  
  29  3:24  Nexus  
  29  3:26  Pylon  
  33  3:30  Stalker  
  35  3:48  Pylon  
  35  4:17  Stalker x3  
  37  4:19  Probe  
  42  4:40  Stalker x2  
  42  4:41  Stalker  
  42  4:45  Probe (Chrono Boost)  
  50  4:50  Probe (Chrono Boost)  
  50  4:55  Probe (Chrono Boost)  
  50  4:58  Probe (Chrono Boost)  
  52  5:03  Stalker  
  52  5:04  Stalker x2  
  58  5:11  Probe x2  
  60  5:39  Stalker x3  
  62  5:47  Probe  
  62  5:48  Probe  
Show
View Real Time Build Order
Export as new Build Order

antagomiR Protoss 

Build Orders:  

Get SALT Encoding   

  12  0:01  Probe  
  13  0:13  Probe  
  14  0:20  Pylon  
  14  0:25  Probe  
  15  0:40  Gateway  
  16  0:42  Probe (Chrono Boost)  
  16  0:51  Assimilator  
  16  0:52  Probe (Chrono Boost)  
  17  0:57  Probe (Chrono Boost)  
  18  1:09  Probe, Assimilator  
  19  1:21  Probe  
  20  1:28  Cybernetics Core  
  20  1:33  Probe  
  21  1:45  Probe  
  22  1:54  Nexus  
  22  1:57  Probe  
  23  2:17  Warp Gate (Chrono Boost)  
  23  2:18  Pylon  
  23  2:29  Gateway  
  23  2:36  Probe, Stalker  
  26  2:44  Pylon  
  26  2:48  Probe  
  27  2:55  Gateway  
  27  3:02  Probe  
  28  3:07  Probe  
  29  3:14  Probe  
  30  3:20  Probe  
  30  3:21  Stalker  
  30  3:26  Probe  
  34  3:28  Stalker  
  36  3:38  Twilight Council  
  36  3:41  Probe  
  37  3:45  Stalker  
  39  3:49  Probe  
  40  4:02  Probe x2  
  42  4:07  Stalker x2  
  46  4:13  Blink (Chrono Boost)  
  46  4:14  Probe  
  46  4:19  Probe  
  47  4:26  Probe  
  47  4:29  Pylon  
  48  4:31  Probe  
  48  4:32  Stalker  
  48  4:34  Sentry  
  53  4:38  Probe  
  54  4:55  Probe x2  
  54  4:56  Stalker  
  54  4:57  Stalker  
  54  4:59  Pylon  
  60  5:05  Pylon  
  60  5:07  Probe x2  
  60  5:09  Pylon  
  62  5:14  Robotics Facility  
  62  5:19  Probe x2  
  64  5:24  Pylon  
  60  5:31  Probe  
  59  5:35  Zealot  
  59  5:36  Zealot x2  
  45  6:01  Stalker  
  45  6:02  Stalker x2  
Tags
 
League
GoldGold
Matchup
PvP
Replay Pack
20200422
Spawn Locations
Cross Positions
Add a new tag
Caveats
  • Supply blocks, unpowered buildings, or Contaminate may cause inaccurate times.
  • Supply counts are checked every 10 seconds.